 Dungeon Crawl Stone Soup version 0.23.2-40-g277498a001 (webtiles) character file.

Game seed: 15668638568093364529

137 Marnok the Covered (level 5, -11/47 HPs)
             Began as a Minotaur Fighter on Oct 2, 2019.
             Killed by divine providence
             ... invoked by an orc priest
              (13 damage)
             ... on level 3 of the Dungeon.
             The game lasted 00:05:05 (1460 turns).

Marnok the Covered (Minotaur Fighter)               Turns: 1460, Time: 00:05:06

Health: -11/47     AC:  7    Str: 27    XL:     5   Next: 0%
Magic:  4/4        EV:  8    Int:  5    God:
Gold:   136        SH: 10    Dex:  9    Spells: 4/4 levels left

rFire    + . .     SeeInvis .   a - +0 long sword
rCold    . . .     Gourm    .   c - +0 shield
rNeg     . . .     Faith    .   b - +0 scale mail
rPois    .         Spirit   .   (helmet restricted)
rElec    .         Reflect  .   (no cloak)
rCorr    .         Harm     .   (no gloves)
MR       .....                  (no boots)
Stlth    ..........             (no amulet)
HPRegen  0.15/turn              m - ring of protection from fire
MPRegen  0.09/turn              (no ring)

@: mighty
A: retaliatory headbutt, horns 2
a: no special abilities


You were on level 3 of the Dungeon.
You were not hungry.

You visited 1 branch of the dungeon, and saw 4 of its levels.

You collected 136 gold pieces.

Inventory:

Hand Weapons
 a - a +0 long sword (weapon)
 g - a +0 short sword of protection
Armour
 b - a +0 scale mail (worn)
 c - a +0 shield (worn)
Jewellery
 m - a ring of protection from fire (left hand)
Scrolls
 e - 2 scrolls of remove curse
 k - 2 scrolls of random uselessness
Potions
 d - a potion of might
 i - a potion of resistance {unknown}
Comestibles
 f - 5 rations
 h - 4 chunks of flesh


   Skills:
 + Level 4.5 Fighting
 + Level 4.3 Long Blades
 + Level 4.6 Armour
 + Level 0.5 Dodging
 + Level 4.2 Shields


You had 4 spell levels left.
You didn't know any spells.
Your spell library was empty.

Dungeon Overview and Level Annotations

Branches:
Dungeon (4/15)
 Temple: D:4-7

Altars:


Innate Abilities, Weirdness & Mutations

You reflexively headbutt those who attack you in melee.
You have a pair of horns on your head.


Message History

The orc priest closely misses you.
The giant cockroach bites you but does no damage.
The adder bites you but does no damage. You block the adder's attack. x2
The giant cockroach bites you but does no damage.
The orc priest looks braver for a moment.
The giant cockroach waves its antennae.
The orc priest mumbles some strange prayers to Beogh against you.
Beogh smites you!
* * * LOW HITPOINT WARNING * * *
The adder bites you.
* * * LOW HITPOINT WARNING * * *
The giant cockroach closely misses you. You furiously retaliate!
You headbutt the giant cockroach!!
You kill the giant cockroach!
You have reached level 5!
The adder bites you but does no damage.
The orc priest invokes the aid of Beogh against you.
Beogh smites you!
You die...

#...............##.#######
..........#.#..........##....P...
............#..........###...P%{≈
.......................##...≈≈≈≈≈
...........#..............P.≈≈≈≈≈
..............<.÷.....<..#P≈≈≈≈≈≈
...........................≈≈≈≈≈≈
....[.....o.................≈≈≈≈≈
.[..†))†...o..S.@..#.....#...≈≈≈≈
######...##..o........<......♣≈≈≈
#...........o..>.##..#.#.......♣≈
#..........#.....##..#.#...P....
#..........#...>.##.....##PPP...
#..........#......####..# ....
######...###.............. ...
##### #.....##### ... ####### ...


You could see 2 orc priests, an adder and 2 orcs.

Vanquished Creatures
  A jelly (D:2)
  An orc wizard (D:3)
  An adder (D:2)
  3 worms (D:2)
  3 dart slugs (D:2)
  2 leopard geckos (D:2)
  3 orcs (D:3)
  4 giant cockroaches
  4 goblins
  6 hobgoblins
  2 ball pythons
  3 bats
  10 frilled lizards
  7 kobolds
  6 rats
56 creatures vanquished.

Notes
Turn   | Place    | Note
-------+----------+-------------------------------------------
     0 | D:1      | Marnok the Minotaur Fighter began the quest for the Orb.
     0 | D:1      | Reached XP level 1. HP: 19/19 MP: 0/0
    53 | D:2      | Noticed a jelly
   555 | D:1      | Reached XP level 2. HP: 27/27 MP: 1/1
   652 | D:2      | Reached XP level 3. HP: 24/33 MP: 2/2
   914 | D:2      | Reached XP level 4. HP: 28/41 MP: 3/3
  1455 | D:3      | HP: 2/41 [orc priest/divine providence (11)]
  1457 | D:3      | Reached XP level 5. HP: 2/47 MP: 4/4
  1460 | D:3      | Killed from afar by an orc priest

Skill      XL: |  1  2  3  4 |
---------------+-------------+-----
Fighting       | 4 |  4.5
Armour         | 4 |  4.6
Shields        | 4 |  4.2
Long Blades    | 3 4 |  4.3
Dodging        | |  0.5

Action                   |  1- 3 |  4- 6 || total
-------------------------+-------+-------++-------
Melee: Long sword        |    59 |    49 ||   108
       Headbutt          |    10 |    10 ||    20
  Use: Scroll            |       |     6 ||     6
       Potion            |       |     2 ||     2
  Eat: Chunk             |       |     2 ||     2
Armor: Scale mail        |    36 |    25 ||    61
Dodge: Dodged            |    21 |    18 ||    39
Block: Shield            |    24 |    33 ||    57
       Rpst.: Long sword |     4 |       ||     4
